[Event "*** Titled Tuesday Blitz"]
[Site "Chess.com"]
[Date "2020.10.20"]
[Round "8"]
[White "Stalri"]
[Black "PLAYER_2006_M"]
[Result "1-0"]
[WhiteElo "2208"]
[BlackElo "2514"]
[TimeControl "180+1"]
[EndTime "11:36:52 PDT"]
[Termination "Stalri won by resignation"]

1. d4 Nf6 2. c4 e6 3. Nf3 c5 4. d5 exd5 5. cxd5 d6 6. Nc3 g6 7. Nd2 Bg7 8. e4 O-O 9. Be2 Re8 10. O-O Na6 11. f3 Nc7 12. a4 Nd7 13. Nc4 Ne5 14.
Ne3 h5 15. f4 Ng4 16. Nxg4 hxg4 17. Bxg4 Bxg4 18. Qxg4 Bxc3 19. bxc3 Rxe4 20. Kh1 Nxd5 21. c4 Ne3 22. Qf3 Qe7 23. Re1 Ng4 24. Bd2 f5 25. h3 Nf6 26. Bc3 Rxe1+ 27. Rxe1 Ne4 28. Bb2 Re8 29. Kh2 Qe6 30. Qd3 Kf7 31. Ba1 b6 32.
a5 bxa5 33. Qb3 Re7 34. Qb8 Qxc4 35. Qh8 Qe6 36. Rb1 Qa2 37. Rb8 Nc3 1-0

[Event "*** Titled Tuesday Blitz"]
[Site "Chess.com"]
[Date "2020.10.20"]
[Round "8"]
[White "Fins0905"]
[Black "Triumphmate"]
[Result "1-0"]
[WhiteElo "2627"]
[BlackElo "2421"]
[TimeControl "180+1"]
[EndTime "11:36:52 PDT"]
[Termination "Fins0905 won by checkmate"]

1. d4 Nf6 2. Nf3 e6 3. c4 d5 4. Bg5 Be7 5. e3 h6 6. Bh4 b6 7. Nc3 Bb7 8. cxd5 exd5 9. Bb5+ c6 10. Bd3 Nbd7 11. O-O Ne4 12. Bxe7 Qxe7 13. Qc2 f5 14.
Rab1 O-O 15. b4 Rae8 16. Ne2 Qf6 17. a4 g5 18. a5 Rf7 19. axb6 axb6 20. Ra1 g4 21.
Nd2 Nf8 22. b5 c5 23. Bxe4 fxe4 24. dxc5 bxc5 25. Qxc5 Ne6 26. Qc3 Qh4 27. Qe5 Ree7 28. Ra7 Ng5 29. Qg3 Qh5 30. Nf4 Rxf4 31. Qxf4 Rg7 32.
Qb8+ Kh7 33. Rxb7 Nf3+ 34. gxf3 gxf3+ 35. Rxg7+ Kxg7 36. Qg3+ Kf7 37. Rc1 d4 38. Rc7+ Kf8 39. Qg7+ Ke8 40. Qe7# 1-0

[Event "*** Titled Tuesday Blitz"]
[Site "Chess.com"]
[Date "2020.10.20"]
[Round "8"]
[White "IANOV0007"]
[Black "ural58"]
[Result "0-1"]
[WhiteElo "2471"]
[BlackElo "2353"]
[TimeControl "180+1"]
[EndTime "11:36:52 PDT"]
[Termination "ural58 won by resignation"]

1. Nf3 d5 2. g3 Nc6 3. Bg2 Bg4 4. c4 dxc4 5. Qa4 Qd7 6. Qxc4 Bxf3 7. Bxf3 Ne5 8. Qb3 Nxf3+ 9. Qxf3 c6 10. Nc3 Nf6 11. d3 e6 12. O-O Be7 13. Be3 O-O 14. Rfd1 b6 15. Rac1 Rac8 16. d4 Rfd8 17. Bg5 h6 18.
Bxf6 Bxf6 19. e3 a5 20. Kg2 Be7 21. a3 Bf8 22. h4 g6 23. h5 g5 24. Ne4 Bg7 25.
b4 axb4 26. axb4 Qd5 27. g4 f5 28. gxf5 exf5 29. Ng3 f4 30. Qxd5+ Rxd5 31. Ne4 fxe3 32. fxe3 Re8 33. Nc3 Rf5 34. Re1 g4 35. Nd1 Rxh5 36. Rxc6 Rb5 37. Rc4 h5 38. e4 Bf8 39. Nc3 Rxb4 40. Rxb4 Bxb4 41. Re3 Bxc3 42. Rxc3 Rxe4 43. Rd3 h4 44. d5 Kf7 45. d6 Ke8 46. d7+ Kd8 47.
Rd6 b5 48. Rh6 h3+ 49. Kg3 Kxd7 50. Rb6 b4 51. Rb8 Kc7 52. Rb5 Kc6 53. Rb8 Kc5 54.
Rc8+ Kd4 55. Rc7 Kd3 0-1

[Event "*** Titled Tuesday Blitz"]
[Site "Chess.com"]
[Date "2020.10.20"]
[Round "8"]
[White "Bigfish1995"]
[Black "Duhless"]
[Result "1-0"]
[WhiteElo "3055"]
[BlackElo "3018"]
[TimeControl "180+1"]
[EndTime "11:36:54 PDT"]
[Termination "Bigfish1995 won on time"]

1. c4 e6 2. g3 d5 3. Bg2 Nf6 4.
Nf3 Be7 5. O-O O-O 6. b3 b6 7.
Bb2 Bb7 8. d3 c5 9. e3 Nbd7 10.
Qe2 a6 11. Nc3 Re8 12. Rac1 Rc8 13. Rfd1 Qc7 14. cxd5 Nxd5 15. Nxd5 Bxd5 16. e4 Bb7 17. d4 Qb8 18. dxc5 Nxc5 19. Ne5 Bf6 20. Nxf7 Bxb2 21.
Qxb2 Nxe4 22. Rxc8 Qxc8 23. Bxe4 Bxe4 24. Nd6 Qd7 25.
Qd4 Bd5 26. Nxe8 Qxe8 27. Rc1 Qd8 28. f3 h6 29. Kf2 b5 30. Qe5 Qf8 31. f4 Qb4 32. Ke2 Qa3 33. Rc2 Kh7 34. f5 Qb4 35. h3 Qe4+ 36. Qxe4 Bxe4 37. Rc7 exf5 38. Ra7 Kg6 39.
Rxa6+ Kh5 40. Ke3 g5 41. g4+ Kh4 42. Rxh6+ 1-0

[Event "*** Titled Tuesday Blitz"]
[Site "Chess.com"]
[Date "2020.10.20"]
[Round "8"]
[White "AlexeiShirov"]
[Black "chessplayer9919"]
[Result "0-1"]
[WhiteElo "2790"]
[BlackElo "2624"]
[TimeControl "180+1"]
[EndTime "11:36:56 PDT"]
[Termination "chessplayer9919 won by resignation"]

1. e4 e5 2. Nf3 Nc6 3. Bb5 Nf6 4.
d3 Bc5 5. c3 O-O 6. Bg5 h6 7.
Bh4 Be7 8. O-O d6 9. Bg3 Nh5 10. Bxc6 Nxg3 11. Bxb7 Bxb7 12. hxg3 Rb8 13. Nbd2 f5 14. Re1 f4 15. gxf4 Rxf4 16. d4 Qf8 17. dxe5 dxe5 18. Nxe5 Rxf2 19. Ndf3 Rxb2 20. Qd7 Bc5+ 21.
Kh1 Qf6 22. Qxc7 Bd6 23. Qc4+ Kh7 24. Ng4 Qg6 25. e5 Be7 26. Qf4 Rf8 27. Qg3 h5 28. Nf6+ gxf6 29. Qxg6+ Kxg6 30. Rab1 Rxb1 31. Rxb1 Bxf3 32.
gxf3 fxe5 33. Rb7 Bc5 34. Kg2 Bb6 35. Rd7 Rc8 36. Rd5 Kf5 37. Rd3 h4 38. Kh3 Rc4 39. Kg2 Ra4 40. Rd2 Be3 41. Re2 Bf4 42.
Rb2 Ra3 43. Rc2 Be3 44. c4 Bc5 45. Rd2 Rc3 46. Rd7 Rxc4 0-1

[Event "*** Titled Tuesday Blitz"]
[Site "Chess.com"]
[Date "2020.10.20"]
[Round "8"]
[White "ENajer77"]
[Black "Smirnov_Pavel"]
[Result "0-1"]
[WhiteElo "2697"]
[BlackElo "2871"]
[TimeControl "180+1"]
[EndTime "11:36:57 PDT"]
[Termination "Smirnov_Pavel won by resignation"]

1. d4 Nf6 2. c4 e6 3. Nf3 d5 4.
Nc3 c6 5. e3 Nbd7 6. Qc2 Bd6 7.
b3 O-O 8. Be2 b6 9. O-O Bb7 10.
Bb2 Qe7 11. Rfd1 Rfd8 12. Rac1 Rac8 13. Bf1 Bb4 14. a3 Bd6 15. b4 dxc4 16. e4 Bf4 17. e5 Nd5 18. Ne4 c3 19. Bxc3 Bxc1 20. Rxc1 c5 21. dxc5 Nxc3 22. Neg5 Ne4 23. Nxe4 Bxe4 24.
Qxe4 bxc5 25. b5 Nb6 26. a4 c4 27. a5 Nd5 28. Rxc4 Rxc4 29. Qxc4 Qc7 30. g3 Qxa5 31.
Kg2 Qc3 32. Qh4 Rc8 33. Ng5 h6 34. Nf3 Qb2 35. Qe4 Rc2 36. Bd3 Rxf2+ 37. Kh3 g6 38. Nd4 Rxh2+ 0-1

[Event "*** Titled Tuesday Blitz"]
[Site "Chess.com"]
[Date "2020.10.20"]
[Round "8"]
[White "XDPS"]
[Black "Sadykov_Ramil"]
[Result "1/2-1/2"]
[WhiteElo "2711"]
[BlackElo "2555"]
[TimeControl "180+1"]
[EndTime "11:36:57 PDT"]
[Termination "Game drawn by repetition"]

1. Nf3 d5 2. e3 Nf6 3. c4 e6 4. b3 b6 5. Bb2 Bb7 6. Be2 Be7 7.
O-O O-O 8. Nc3 c5 9. cxd5 Nxd5 10. Nxd5 Bxd5 11. d4 Nd7 12. Rc1 Bf6 13. Ne5 cxd4 14. Nxd7 Qxd7 15. Bxd4 Bxd4 16. Qxd4 Qb7 17. f3 Rfd8 18.
Qa4 e5 19. Ba6 Qe7 20. Rc3 Bb7 21. Rfc1 Bxa6 22. Qxa6 h5 23. Rc7 Qg5 24. Qe2 h4 25. h3 Rd6 26. Rc8+ Rxc8 27. Rxc8+ Kh7 28. Qc2+ g6 29. Qf2 Qg3 30. Qe2 Kg7 31. Rc4 Qg5 32.
Qf2 Qg3 33. Qc2 Qe1+ 34. Kh2 Rd1 35. Rxh4 Rd2 36. Qe4 Rxg2+ 37. Kxg2 Qe2+ 38. Kg3 Qe1+ 39. Kg2 Qe2+ 40. Kg1 Qe1+ 41. Kg2 1/2-1/2

[Event "*** Titled Tuesday Blitz"]
[Site "Chess.com"]
[Date "2020.10.20"]
[Round "8"]
[White "GMaka"]
[Black "beto-betun"]
[Result "1-0"]
[WhiteElo "2371"]
[BlackElo "2199"]
[TimeControl "180+1"]
[EndTime "11:36:57 PDT"]
[Termination "GMaka won on time"]

1. d4 Nf6 2. Bg5 Ne4 3. Bf4 d5 4. e3 c5 5. Bd3 cxd4 6. Bxe4 dxe4 7. exd4 g6 8. Ne2 Bg7 9. c3 O-O 10. O-O b6 11. Nd2 Bb7 12. a4 Nc6 13. Ng3 e5 14.
dxe5 Nxe5 15. Ndxe4 Qh4 16. Bg5 Qg4 17. Qxg4 Nxg4 18. f3 Ne5 19. Rfd1 f6 20. Bf4 Rfd8 21. Bxe5 fxe5 22. Rxd8+ Rxd8 23. a5 Bh6 24. Kf2 b5 25. a6 Bc6 26. Ke2 Bf4 27. b3 h5 28.
Rd1 Rxd1 29. Kxd1 h4 30. Nf1 Bxe4 31. fxe4 Kf7 32. g3 hxg3 33. hxg3 Bg5 34. Kc2 Ke6 35. c4 bxc4 36. bxc4 Be7 37. Kb3 Bc5 38. Ka4 Kf6 39.
Kb5 Bf2 40. Kc6 Ke6 41. g4 g5 42. Nd2 Ke7 43. Kd5 Bd4 44. Nf3 Bb2 45. Nxg5 Kf6 46.
Nf3 1-0

[Event "*** Titled Tuesday Blitz"]
[Site "Chess.com"]
[Date "2020.10.20"]
[Round "8"]
[White "zverr1"]
[Black "Kaslask"]
[Result "0-1"]
[WhiteElo "2407"]
[BlackElo "2309"]
[TimeControl "180+1"]
[EndTime "11:36:59 PDT"]
[Termination "Kaslask won by checkmate"]

1. d4 Nf6 2. c4 g6 3. Nc3 d5 4. cxd5 Nxd5 5. Bd2 Bg7 6. e4 Nxc3 7. Bxc3 c5 8. d5 Bxc3+ 9. bxc3 O-O 10. Qd2 Qd6 11.
f4 e5 12. fxe5 Qxe5 13. Nf3 Qxe4+ 14. Be2 Re8 15. O-O Qxe2 16. Rfe1 Qb5 17. Qh6 f6 18. c4 Qd7 19. Nh4 Qf7 20. Qf4 Bd7 21. Qd6 Na6 22.
Rab1 Rxe1+ 23. Rxe1 Re8 24. Rb1 b6 25. Rf1 f5 26. Nf3 Qe7 27. Qf4 Qe3+ 28. Qxe3 Rxe3 29. Re1 Rxe1+ 30. Nxe1 Nb4 31. a3 Na2 32. Nd3 Kf7 33. Kf2 Kf6 34. Ke3 Nc3 35. h4 Nb1 36. Kf4 Nxa3 37. Ne5 Be8 38. g4 fxg4 39. Nxg4+ Ke7 40.
Ne3 Kd6 41. Ke4 a6 42. Kd3 b5 43. Kc3 b4+ 44. Kb3 a5 45. Ng4 a4+ 46. Ka2 Nxc4 47. Nf6 Bf7 48. Nxh7 b3+ 49. Kb1 Bxd5 50. Nf6 Ke5 51.
Nd7+ Kd4 52. h5 Be4+ 53. Ka1 b2+ 54. Ka2 b1=Q# 0-1

[Event "*** Titled Tuesday Blitz"]
[Site "Chess.com"]
[Date "2020.10.20"]
[Round "8"]
[White "KetiGrant"]
[Black "German_Bazeev"]
[Result "0-1"]
[WhiteElo "2342"]
[BlackElo "2718"]
[TimeControl "180+1"]
[EndTime "11:37:00 PDT"]
[Termination "German_Bazeev won on time"]

1. e4 c6 2. d4 d5 3. e5 Na6 4. Nf3 g6 5. Be2 Nc7 6. h3 Bg7 7. O-O Nh6 8. c3 O-O 9. Bf4 f6 10. exf6 exf6 11. Bxc7 Qxc7 12. Nbd2 Nf7 13. Re1 Bd7 14.
Bd3 Rfe8 15. Qc2 Rxe1+ 16. Rxe1 Re8 17. Qd1 Rxe1+ 18. Qxe1 f5 19. Nb3 b6 20. a4 a5 21.
Nbd2 Qd6 22. h4 Bf8 23. g3 Qe6 24. Qxe6 Bxe6 25. Kg2 Bd6 26. Kf1 Kg7 27. Ke2 f4 28. gxf4 Bxf4 29. b4 Bg4 30. Nb3 g5 31. h5 Bc7 32.
bxa5 bxa5 33. Nc5 Nd8 34. Bc2 Bxh5 35. Bd1 g4 36. Nh4 g3+ 37. f3 Kf6 38. Ng2 Bg6 39. Ke3 Nf7 40. f4 Nd6 41. Bg4 h5 42. Bd7 Nf5+ 43.
Kf3 h4 44. Bxf5 Bh5+ 45. Bg4 h3 0-1

[Event "*** Titled Tuesday Blitz"]
[Site "Chess.com"]
[Date "2020.10.20"]
[Round "8"]
[White "anpospan"]
[Black "natelleka"]
[Result "1-0"]
[WhiteElo "2372"]
[BlackElo "2203"]
[TimeControl "180+1"]
[EndTime "11:37:01 PDT"]
[Termination "anpospan won by checkmate"]

1. Nf3 d5 2. g3 Nf6 3. Bg2 Bf5 4.
O-O h6 5. b3 e6 6. Bb2 Be7 7.
d3 Bh7 8. Re1 O-O 9. Nbd2 c6 10.
e4 Nbd7 11. e5 Ne8 12. h4 a5 13. a4 b5 14. Nh2 Nb6 15. Ba3 bxa4 16. Bxe7 Qxe7 17. bxa4 Nc7 18. Qg4 Qb4 19. Qxb4 axb4 20. a5 Nd7 21. Nhf3 c5 22. Reb1 Rfb8 23. Rb2 Nb5 24.
Nb3 Na3 25. Bf1 c4 26. Nbd4 Ra6 27. dxc4 dxc4 28. c3 bxc3 29. Rxb8+ Nxb8 30. Rxa3 c2 31. Rc3 Rxa5 32. Rxc4 Kf8 33. Nxc2 Ra2 34. Rc8+ Ke7 35. Rxb8 Bxc2 36. Rb7+ Ke8 37. Nd4 Be4 38. Bb5+ Kf8 39.
Rb8+ Ke7 40. Re8# 1-0

[Event "*** Titled Tuesday Blitz"]
[Site "Chess.com"]
[Date "2020.10.20"]
[Round "8"]
[White "shriyanasmallya"]
[Black "VladimirBugayev"]
[Result "0-1"]
[WhiteElo "1657"]
[BlackElo "2297"]
[TimeControl "180+1"]
[EndTime "11:37:01 PDT"]
[Termination "VladimirBugayev won by checkmate"]

1. e4 c6 2. d4 d5 3. Nd2 dxe4 4. Nxe4 Nf6 5. Ng3 h5 6. h4 Bg4 7. Nf3 e6 8. Be2 Bd6 9. Bg5 Qc7 10. Nf1 Ne4 11. Be3 Nd7 12. N1d2 Ndf6 13. Nxe4 Nxe4 14. Ng5 Bxe2 15. Qxe2 Nf6 16. O-O-O O-O-O 17. Qc4 Nd5 18. Bd2 Rhe8 19. Qa4 Kb8 20. Rhe1 Bf4 21. g3 Bd6 22.
Ba5 b6 23. Bd2 e5 24. c4 Nf6 25. dxe5 Bxe5 26. f4 Bd6 27. Bc3 Ng4 28. Bxg7 Nf2 29. Rxe8 Rxe8 30. Rf1 Nd3+ 31. Kc2 Nc5 32. Qa3 Re2+ 33.
Kd1 Qe7 34. Qf3 Re3 35. Qf2 Nd3 36. Qd2 Bb4 37. Qc2 Re1+ 38. Rxe1 Qxe1# 0-1

[Event "*** Titled Tuesday Blitz"]
[Site "Chess.com"]
[Date "2020.10.20"]
[Round "8"]
[White "anon481216"]
[Black "DinaBelenkaya"]
[Result "0-1"]
[WhiteElo "2396"]
[BlackElo "2296"]
[TimeControl "180+1"]
[EndTime "11:37:03 PDT"]
[Termination "DinaBelenkaya won on time"]

1. d4 d5 2. c4 dxc4 3. e4 Nf6 4.
e5 Nd5 5. Bxc4 Bf5 6. Nc3 c6 7.
Qb3 e6 8. Qxb7 Nb6 9. Nge2 Nxc4 10. Qxa8 Qc7 11. O-O Nb6 12. Nb5 cxb5 13. Qf3 Be7 14. Ng3 Bg6 15. Ne4 O-O 16. Be3 Nd5 17. Rac1 Qb7 18.
Nc5 Qb6 19. Bd2 a5 20. a3 a4 21. Bb4 Rd8 22. Rfd1 Nc6 23. Be1 Nxe5 24. dxe5 Bxc5 25. h4 h5 26. Rd2 Bd4 27. Qe2 Bc5 28. Rcd1 Qb8 29. Kf1 Be7 30. g3 Rc8 31. Kg1 Bc5 32. Kf1 Qa7 33. Kg2 b4 34. axb4 Bxb4 35. Rd4 Bc5 36. Rc4 Qb7 0-1

[Event "*** Titled Tuesday Blitz"]
[Site "Chess.com"]
[Date "2020.10.20"]
[Round "8"]
[White "Flopezin"]
[Black "GAusal"]
[Result "1/2-1/2"]
[WhiteElo "2349"]
[BlackElo "2051"]
[TimeControl "180+1"]
[EndTime "11:37:03 PDT"]
[Termination "Game drawn by repetition"]

1. c4 e5 2. Nc3 d6 3. d4 e4 4.
Nxe4 Bf5 5. Nc3 Nf6 6. Bg5 Be7 7. Nf3 Ne4 8. Nxe4 Bxe4 9. Bxe7 Qxe7 10. e3 O-O 11. Bd3 d5 12. Bxe4 dxe4 13. Nd2 c5 14. d5 Nd7 15. Qc2 f5 16. O-O Ne5 17. f4 exf3 18.
Nxf3 Ng4 19. Rae1 Rae8 20. Qd3 Nxe3 21. Rf2 f4 22. Nd2 Qh4 23. h3 Qg5 24. Nf1 Nf5 25. Re4 Nd4 26. Nd2 b6 27. Nf3 Qf5 28. Nd2 g5 29. g4 Qg6 30. Rf1 f3 31. Kf2 Qd6 32.
Rh1 Rxe4 33. Nxe4 Qf4 34. Ng3 Re8 35. Rg1 Re2+ 36. Nxe2 fxe2+ 37. Ke1 Qc1+ 38. Kf2 Qf4+ 39. Ke1 Qc1+ 40. Kf2 Qf4+ 1/2-1/2

[Event "*** Titled Tuesday Blitz"]
[Site "Chess.com"]
[Date "2020.10.20"]
[Round "8"]
[White "GukeshDommaraju"]
[Black "xamax2000"]
[Result "1-0"]
[WhiteElo "2827"]
[BlackElo "2671"]
[TimeControl "180+1"]
[EndTime "11:37:07 PDT"]
[Termination "GukeshDommaraju won by resignation"]

1. d4 d5 2. Nf3 e6 3. Bf4 c5 4. e3 Nf6 5. Nbd2 Bd6 6. dxc5 Bxc5 7. Bd3 O-O 8. O-O Nbd7 9. e4 dxe4 10. Nxe4 Nxe4 11.
Bxe4 Nf6 12. Bd3 b6 13. Qe2 Bb7 14. Rad1 Qe7 15. c3 Rfd8 16. Bb1 h6 17. Ne5 Rxd1 18. Rxd1 Rd8 19. Rxd8+ Qxd8 20. h3 Qd5 21. Nf3 a5 22. Qd2 Kf8 23. Qxd5 Nxd5 24. Be5 f6 25. Bd4 Bxd4 26.
Nxd4 e5 27. Ne6+ Kg8 28. Be4 b5 29. Nc5 Bc6 30. Nb3 Ne7 31. Bd3 a4 32. Nc5 Kf7 33.
c4 b4 34. Bc2 a3 35. b3 Nc8 36. Na6 Ke7 37. Nxb4 Ba8 38. Bd3 Kd6 39. Nc2 Kc5 40.
b4+ Kd6 41. Nxa3 e4 42. Nb5+ Ke5 43. Be2 Bc6 44. Nc3 Nd6 45. c5 Nb7 46. b5 Be8 47. c6 Na5 48. c7 Bd7 49. b6 Kd4 50. Nb5+ Kc5 51. Na7 Kxb6 52. c8=Q Bxc8 53. Nxc8+ Kc7 54. Ne7 g5 1-0

[Event "*** Titled Tuesday Blitz"]
[Site "Chess.com"]
[Date "2020.10.20"]
[Round "8"]
[White "JoliyRoger"]
[Black "YIYUKI"]
[Result "1-0"]
[WhiteElo "2436"]
[BlackElo "2316"]
[TimeControl "180+1"]
[EndTime "11:37:07 PDT"]
[Termination "JoliyRoger won on time"]

1. Nf3 Nf6 2. c4 g6 3. d4 Bg7 4. Nc3 d6 5. e4 O-O 6. h3 c6 7. Bg5 a6 8. a3 b5 9. cxb5 axb5 10. Be2 Nbd7 11. O-O h6 12. Be3 e5 13. Qd2 Kh7 14.
Rfd1 Qe7 15. Rac1 Bb7 16. d5 Nc5 17. Qc2 Rfc8 18. Bxc5 dxc5 19. dxc6 Bxc6 20. Bxb5 Bxb5 21. Nxb5 Rcb8 22. Nd6 Nh5 23. Nc4 Nf4 24. Rd2 Ra6 25. Rcd1 g5 26. Rd7 Qe6 27. R7d6 Rxd6 28. Rxd6 Qc8 29.
Nfxe5 Bxe5 30. Nxe5 Qc7 31. Qd2 Re8 32. Ng4 Qe7 33.
e5 Kg7 34. Kh2 h5 35. Rd7 Qe6 36. Ne3 1-0

[Event "*** Titled Tuesday Blitz"]
[Site "Chess.com"]
[Date "2020.10.20"]
[Round "8"]
[White "MarceloPlaya"]
[Black "alejanchess73"]
[Result "1-0"]
[WhiteElo "2301"]
[BlackElo "2404"]
[TimeControl "180+1"]
[EndTime "11:37:07 PDT"]
[Termination "MarceloPlaya won by resignation"]

1. e4 c5 2. Nf3 d6 3. d4 cxd4 4. Nxd4 Nf6 5. Nc3 a6 6. Bg5 e6 7.
f4 Be7 8. Qf3 Nbd7 9. O-O-O h6 10.
Bh4 g5 11. fxg5 Ne5 12. Qe2 Nfg4 13. Kb1 hxg5 14. Bg3 Qc7 15. Nf3 Nxf3 16. gxf3 Ne5 17. f4 gxf4 18. Bxf4 Bd7 19. h4 O-O-O 20. h5 Kb8 21. h6 Ng6 22. Be3 Bc6 23. Bd4 e5 24.
Be3 f5 25. exf5 Nf4 26. Bxf4 Bxh1 27. Be3 Bc6 28. Bg2 Rdf8 29. Bxc6 Qxc6 30. Nd5 Bd8 31.
Qd3 Qa4 32. c4 e4 33. Qd4 Rxf5 34. Qa7+ Kc8 35. Qa8+ Kd7 36. Qxb7+ Ke6 37. b3 Qd7 38. Qxa6 Rxd5 39. cxd5+ Kf7 40. Qc4 Qf5 41. Rf1 Qxf1+ 42. Qxf1+ 1-0

[Event "*** Titled Tuesday Blitz"]
[Site "Chess.com"]
[Date "2020.10.20"]
[Round "8"]
[White "Sn00pPawn"]
[Black "Walter_White_Poland"]
[Result "0-1"]
[WhiteElo "2015"]
[BlackElo "2304"]
[TimeControl "180+1"]
[EndTime "11:37:07 PDT"]
[Termination "Walter_White_Poland won on time"]

1. e4 e5 2. Nf3 Nc6 3. Bb5 a6 4. Bxc6 dxc6 5. O-O Bg4 6. h3 h5 7.
c3 Qf6 8. d4 Bxf3 9. Qxf3 Qxf3 10. gxf3 f6 11. f4 exd4 12. cxd4 O-O-O 13. Be3 Ne7 14. Nc3 f5 15. f3 Ng6 16. Kh2 Bd6 17. e5 Be7 18. Rg1 Rh6 19. Raf1 Kd7 20. Rg3 Bh4 21.
Rg2 Be7 22. Rfg1 Nh4 23. Rg3 Ke6 24. Rf1 Bf8 25. Rf2 Rg6 26. Rxg6+ Nxg6 27. Rd2 Ne7 28. Bf2 Nd5 29. Bh4 Rd7 30. Bg5 g6 31. h4 Bb4 32.
Rd3 Bxc3 33. bxc3 Nb6 34. Kg3 Nc4 35. Kf2 Rd5 36. Rd1 Rb5 37. Ra1 Rb2+ 38. Kg3 b5 39.
Bh6 a5 40. Bf8 a4 41. a3 Rc2 42. Bb4 Ne3 43. Kh3 Nd5 44. Rg1 Kf7 0-1

[Event "*** Titled Tuesday Blitz"]
[Site "Chess.com"]
[Date "2020.10.20"]
[Round "8"]
[White "alexwinter25"]
[Black "UCantHandleDenker"]
[Result "1-0"]
[WhiteElo "2380"]
[BlackElo "2514"]
[TimeControl "180+1"]
[EndTime "11:37:08 PDT"]
[Termination "alexwinter25 won by resignation"]

1. e4 c5 2. Nf3 d6 3. d4 cxd4 4. c3 Nf6 5. Bd3 dxc3 6. Nxc3 g6 7. O-O Bg7 8. h3 O-O 9. Qe2 Nc6 10. Rd1 Bd7 11.
Bf4 Qa5 12. Nd5 Rfe8 13. a3 Rac8 14. b4 Qd8 15. Rac1 Be6 16. Bb1 Nd7 17. Ng5 Bxd5 18. exd5 Nce5 19. Qb5 Rxc1 20. Rxc1 Qb6 21. Qa4 Rd8 22.
Be3 Qa6 23. Qxa6 bxa6 24. Bxa7 Nf6 25. Ba2 h6 26. Nf3 Nxf3+ 27. gxf3 Nd7 28. Rc7 Ne5 29.
Rxe7 Nxf3+ 30. Kf1 Bf6 31. Rb7 Kg7 32. Be3 Rc8 33.
Rb6 Rc2 34. Bb3 Rc3 35. Bd1 Ne5 36. Rxa6 Nc4 37. Ke2 Nxa3 38. Bd2 Rb3 39. Bxb3 Nb1 40. Rxd6 Be5 41. Rd7 Kf6 42. d6 1-0

[Event "*** Titled Tuesday Blitz"]
[Site "Chess.com"]
[Date "2020.10.20"]
[Round "8"]
[White "ShahMatKanal"]
[Black "nitpicker"]
[Result "1-0"]
[WhiteElo "2440"]
[BlackElo "2288"]
[TimeControl "180+1"]
[EndTime "11:37:08 PDT"]
[Termination "ShahMatKanal won on time"]

1. d4 Nf6 2. Bf4 b6 3. e3 Bb7 4. Nf3 e6 5. Be2 d6 6. O-O Nbd7 7. h3 g6 8. c4 Qe7 9. Bh2 Bg7 10. Nc3 O-O 11. Rc1 e5 12. dxe5 dxe5 13. Qc2 c6 14.
Rfd1 Rad8 15. Qa4 a6 16. b4 Ne8 17. Qb3 Nc7 18. Ne4 Ne6 19. Nd6 Ba8 20. Rd2 h6 21. Rcd1 Kh7 22. a4 f5 23. a5 bxa5 24. bxa5 Ndc5 25. Qa3 f4 26. exf4 exf4 27. h4 Rb8 28.
h5 g5 29. Bd3+ Kh8 30. Nf5 Qf6 31. Nxg7 Kxg7 32. Bg6 Rb3 33. Rd7+ Nxd7 34. Rxd7+ Kh8 35. Qxb3 g4 36. Ne1 f3 37. Nd3 fxg2 38. Be5 Nd4 39. Bxf6+ 1-0

[Event "*** Titled Tuesday Blitz"]
[Site "Chess.com"]
[Date "2020.10.20"]
[Round "8"]
[White "konradrutkowski"]
[Black "esrosenberg"]
[Result "1-0"]
[WhiteElo "2411"]
[BlackElo "2284"]
[TimeControl "180+1"]
[EndTime "11:37:08 PDT"]
[Termination "konradrutkowski won by checkmate"]

1. e4 e5 2. Nf3 Nc6 3. Bc4 Nf6 4.
O-O Be7 5. d4 exd4 6. e5 Ne4 7.
Re1 Nc5 8. c3 dxc3 9. Qd5 Ne6 10. Nxc3 O-O 11. Be3 Nb4 12. Qd1 a5 13. a3 Nc6 14.
Nd5 Bc5 15. Qd3 Bxe3 16. Qxe3 d6 17. Rad1 Nxe5 18. Nxe5 dxe5 19. Nb6 Qh4 20. g3 Qh3 21. Bf1 Qg4 22. Nxa8 Nf4 23. Qxe5 Ng6 24. Qxc7 Bf5 25. Rd8 h5 26. Rxf8+ Nxf8 27. Bg2 h4 28. Qxb7 h3 29. Bf3 Qg6 30. Nc7 Ne6 31. Nxe6 Bxe6 32. Qa8+ Kh7 33. Be4 Bf5 34. Bxf5 Qxf5 35. Qe4 Kg6 36. Qxf5+ Kxf5 37.
Rc1 Ke4 38. Rc4+ Kf3 39. Kf1 g5 40. Rc5 Kg4 41. Ke2 f5 42. f3+ Kh5 43. Rxf5 Kg6 44. Rxa5 g4 45. fxg4 Kf6 46. Kf3 Ke6 47. Rf5 Kd6 48. Kf4 Kc6 49. g5 Kb6 50. g6 Ka6 51. g7 Kb6 52. g8=Q Ka6 53. Qg6+ Kb7 54. Rf7+ Kc8 55. Qg8# 1-0

[Event "*** Titled Tuesday Blitz"]
[Site "Chess.com"]
[Date "2020.10.20"]
[Round "8"]
[White "jonaszmb"]
[Black "annamaja"]
[Result "0-1"]
[WhiteElo "2383"]
[BlackElo "2296"]
[TimeControl "180+1"]
[EndTime "11:37:08 PDT"]
[Termination "annamaja won by checkmate"]

1. e4 e6 2. d4 d5 3. Bd3 Nf6 4. e5 Nfd7 5. Nf3 c5 6. c3 Nc6 7. a3 Qb6 8. Bc2 cxd4 9. cxd4 Be7 10. O-O f6 11. Nc3 O-O 12. Qd3 g6 13. Bh6 Rf7 14.
exf6 Bxf6 15. Rfd1 Ne7 16. Ng5 Bxg5 17. Bxg5 Nf8 18.
Be3 Nf5 19. Bf4 Bd7 20. Be5 Rc8 21. Re1 Qxb2 22. Nxd5 exd5 23. Rac1 Rc3 24. Qd2 Ba4 25. Qg5 Rxc2 26. Rb1 Qxa3 27. h4 Qe7 28. Qxe7 Rxe7 29. h5 Bc6 30. hxg6 Nxg6 31. f4 Nfh4 32. Rb3 Rxg2+ 33. Kh1 Rg4 34. f5 Nxf5 35. Rf3 Nfh4 36. Rf2 Nxe5 37. dxe5 d4+ 38. Re4 Bxe4+ 39. Rg2 Bxg2+ 40.
Kh2 Nf3# 0-1

[Event "*** Titled Tuesday Blitz"]
[Site "Chess.com"]
[Date "2020.10.20"]
[Round "8"]
[White "GOGIEFF"]
[Black "sergiochess83"]
[Result "1-0"]
[WhiteElo "2887"]
[BlackElo "2760"]
[TimeControl "180+1"]
[EndTime "11:37:09 PDT"]
[Termination "GOGIEFF won by resignation"]

1. d4 Nf6 2. c4 e6 3. Nc3 Bb4 4. e3 O-O 5. Bd3 d5 6. Nf3 c5 7. O-O cxd4 8. exd4 dxc4 9. Bxc4 b6 10. Bg5 Bb7 11. Re1 Nbd7 12. Rc1 Rc8 13. Qb3 Bxc3 14. Rxc3 Qe8 15. Bb5 Rxc3 16. Qxc3 a6 17. Bd3 h6 18. Bh4 Qa8 19. Be2 Rc8 20. Qa3 Nd5 21. Bf1 Nf8 22.
Ne5 f6 23. Nc4 Rd8 24. Nd6 Bc6 25. Bg3 a5 26. Qd3 Nb4 27. Qb1 Bd5 28. a3 Nc6 29. h4 Nxd4 30. Rd1 e5 31. Nb5 Qc6 32. Nxd4 exd4 33.
Rxd4 Ne6 34. Rd1 Be4 35. Rxd8+ Nxd8 36. Qd1 Ne6 37. f3 Bd5 38. Bf2 a4 39. Qd2 b5 40.
Bd3 Qd6 41. Be4 Nc7 42. h5 Qc6 43. Bg6 Qe6 44. Qc3 Ne8 45. Qc5 Nd6 46. Bg3 Nc4 47. Qc7 Kf8 1-0

[Event "*** Titled Tuesday Blitz"]
[Site "Chess.com"]
[Date "2020.10.20"]
[Round "8"]
[White "Cocaino74"]
[Black "HrvojeZagreb"]
[Result "1-0"]
[WhiteElo "2364"]
[BlackElo "2197"]
[TimeControl "180+1"]
[EndTime "11:37:10 PDT"]
[Termination "Cocaino74 won on time"]

1. a4 f5 2. Ra3 Nf6 3. Rg3 e5 4. e3 d5 5. Nf3 e4 6. Ne5 Nbd7 7. d4 c6 8. Be2 g6 9. h4 Nxe5 10. dxe5 Nd7 11. h5 g5 12. h6 Nxe5 13. Bh5+ Ng6 14. Qd4 Rg8 15. Nc3 Bd6 16. Nxd5 cxd5 17. Bxg6+ Rxg6 18. Qh8+ Bf8 19. Qxh7 Qf6 20. Qc7 Rxh6 21. Rxh6 Qxh6 22.
Bd2 Bd6 23. Qc3 Bxg3 24. fxg3 Bd7 25. Qe5+ Qe6 26. Qh8+ Ke7 27. Bb4+ Kf7 28. Qh7+ Ke8 29. Qh8+ Kf7 30. Qxa8 Qc6 31. Qf8+ Kg6 32. Qg8+ Kf6 33. Bc3+ d4 34. Bxd4+ Ke7 35. Qxg5+ Kd6 36. Qf4+ Ke7 37. Qh4+ Kd6 38. Qf6+ Kc7 39. Be5+ Kb6 40. Qd8+ Ka6 41. b4 Qxa4 42. c4 Qa1+ 43. Bxa1 1-0

[Event "*** Titled Tuesday Blitz"]
[Site "Chess.com"]
[Date "2020.10.20"]
[Round "8"]
[White "ChainsOfFantasia"]
[Black "GoltsevDmitry2000"]
[Result "0-1"]
[WhiteElo "2500"]
[BlackElo "2687"]
[TimeControl "180+1"]
[EndTime "11:37:11 PDT"]
[Termination "GoltsevDmitry2000 won by resignation"]

1. d4 b6 2. e4 Bb7 3. Bd3 d6 4. Qe2 Nd7 5. Nf3 g6 6. O-O Bg7 7. a4 a5 8. Nbd2 e5 9. dxe5 Nxe5 10. Nxe5 Bxe5 11. f4 Bg7 12. Bb5+ c6 13. Bd3 Ne7 14.
f5 Bd4+ 15. Kh1 O-O 16. Nf3 Bg7 17. Bg5 f6 18. Bf4 g5 19. Bg3 h6 20. Nd4 Bc8 21.
Bc4+ Kh7 22. Rad1 d5 23. Ne6 Bxe6 24. fxe6 f5 25. exf5 Bxb2 26. Bd3 Bf6 27. Be5 Kg7 28. Bxf6+ Rxf6 29. h4 Qd6 30. Qg4 Rh8 31. Kg1 Kf8 32.
Rb1 Rg8 33. Qd4 Kg7 34. Rxb6 gxh4 35. Rb7 c5 36. Qxh4 c4 37. Be2 Rgf8 38. Rf3 Kh8 39. Rg3 Nxf5 40. Qg4 Qxg3 0-1